 Dungeon Crawl Stone Soup version 0.19-a0-867-g949743d (webtiles) character file.

149 4thArraOfDagon the Ruffian (level 5, -13/45 HPs)
             Began as a Troll Earth Elementalist on July 3, 2016.
             Mangled by an ogre
             ... wielding a +0 giant club
              (30 damage)
             ... on level 5 of the Dungeon.
             The game lasted 00:04:00 (568 turns).

4thArraOfDagon the Ruffian (TrEE)                    Turns: 568, Time: 00:04:01

Health: -13/45     AC:  7    Str: 16    XL:     5   Next: 9%
Magic:  5/5        EV: 15    Int: 12    God:
Gold:   63         SH:  0    Dex: 15    Spells: 1 memorised, 5 levels left

rFire  . . .     SeeInvis .       - Unarmed
rCold  . . .     Gourm    +     c - +0 robe
rNeg   . . .     Faith    .     (no shield)
rPois  .         Spirit   .     (helmet restricted)
rElec  .         Dismiss  .     a - +1 cloak
rCorr  .         Reflect  .     (gloves unavailable)
SustAt .         Harm     .     (boots unavailable)
MR     +....                    (no amulet)
Stlth  +++.......               (no ring)
                                (no ring)

@: agile, lethally poisoned (-13 -> -14), exhausted, slowed, very slow, somewhat
resistant to hostile enchantments, fairly stealthy
A: unfitting armour, claws 3, blink, fast metabolism 3, gourmand, magic
resistance 1, regeneration 2, shaggy fur 1, tough skin 2
a: Blink


You were on level 5 of the Dungeon.
You were not hungry.

You visited 1 branch of the dungeon, and saw 6 of its levels.

You collected 63 gold pieces.

Inventory:

Armour
 a - a +1 cloak (worn)
 c - a +0 robe (worn)
Scrolls
 b - a scroll of amnesia
Books
 e - a book of Geomancy

   Spells                             Type                      Level
   a - Sandblast                      Earth                        1
   b - Passwall                       Transmutation/Earth          2
   c - Stone Arrow                    Conjuration/Earth            3
   d - Petrify                        Transmutation/Earth          4
   e - Lee's Rapid Deconstruction     Earth                        5
Comestibles
 d - 2 bread rations


   Skills:
 - Level 1.5 Dodging
 - Level 1.1 Stealth
 * Level 4.8 Unarmed Combat
 - Level 1.2 Spellcasting
   Level 0.6 Transmutations
 - Level 2.6 Earth Magic


You had 5 spell levels left.
You knew the following spells:

 Your Spells              Type           Power        Failure   Level  Hunger
a - Sandblast             Erth           #.....       12%         1    ##.....


Dungeon Overview and Level Annotations

Branches:
Dungeon (6/15)
 Temple: D:4-7

Altars:

Annotations:
D:3 Jessica, Sigmund


Innate Abilities, Weirdness & Mutations

You are too large for most types of armour.
You have claws for hands.
Your metabolism is lightning-fast.
You like to eat raw meat.
You heal very quickly.
You are covered in fur. (AC +1)
You have very tough skin. (AC +2)
You can translocate small distances at will.
You are resistant to hostile enchantments. (MR+)


Message History

You barely miss the ogre. The ogre barely misses you.
Unknown command.
You scratch the ogre.
The ogre is lightly wounded.
The ogre hits you but does no damage.
Unknown command.
You barely miss the ogre.
The ogre is lightly wounded.
You feel sick. The ogre barely misses you.
Unknown command.
You claw the ogre!
The ogre is heavily wounded.
The ogre barely misses you.
Unknown command.
Unknown command.
You scratch the ogre.
The ogre is severely wounded.
The ogre hits you with a giant club!!
Ouch! That really hurt!
You die...

# #. ##.#
##...#####..#
#....@......#
#...O####...#
#.#.# . # #.
. ##


You could see an ogre.

Vanquished Creatures
  A hound (D:6)
  3 worker ants
  A howler monkey skeleton (D:5)
  An adder (D:4)
  A worm (D:2)
  A giant gecko (D:1)
  3 orcs (D:3)
  3 goblins
  3 jackals
  A quokka (D:5)
  A bat (D:3)
  2 giant newts
  A rat (D:1)
22 creatures vanquished.

Notes
Turn   | Place    | Note
-------+----------+-------------------------------------------
     0 | D:1      | 4thArraOfDagon the Troll Earth Elementalist began the quest for the Orb.
     0 | D:1      | Reached XP level 1. HP: 16/16 MP: 1/1
   118 | D:1      | Reached skill level 1 in Unarmed Combat
   195 | D:2      | Reached XP level 2. HP: 8/24 MP: 2/2
   225 | D:3      | Noticed Jessica
   225 | D:3      | Noticed Sigmund
   240 | D:3      | Reached skill level 2 in Unarmed Combat
   314 | D:4      | Reached XP level 3. HP: 19/31 MP: 3/3
   325 | D:5      | Entered Level 5 of the Dungeon
   443 | D:5      | Reached skill level 3 in Unarmed Combat
   496 | D:5      | Reached XP level 4. HP: 18/39 MP: 4/4
   501 | D:5      | Reached skill level 4 in Unarmed Combat
   516 | D:6      | Noticed an ogre
   554 | D:6      | Gained mutation: You can translocate small distances at will. [potion of mutation]
   554 | D:6      | Gained mutation: You are resistant to hostile enchantments. (MR+) [potion of mutation]
   558 | D:6      | Reached XP level 5. HP: 20/45 MP: 5/5
   562 | D:5      | Noticed an ogre
   568 | D:5      | Mangled by an ogre

Vault maps used:
D:1:      roderic_octagonal_star, nrook_mini_vaults, kennysheep_another_room
D:2:      okawaru_altar_gauntlet_db, dancing_weapons_uskayaw
D:3:      lemuel_crystal_altar, first_bread, elyvilon_altar_5, uniq_iyjb,
          uniq_jessica, uniq_natasha, uniq_sigmund
D:4:      nicolae_dithmenos_shadow_blocks, serial_shops, shop,
          uniq_crazy_yiuf_cottage
D:5:      uniq_blork_the_orc, uniq_pikel
D:6:      nrook_uturn, kennysheep_nondescript

Skill      XL: |  1  2  3  4 |
---------------+-------------+-----
Unarmed Combat | 1 2 3 4 |  4.8
Dodging        | |  1.5
Stealth        | |  1.1
Spellcasting   | |  1.2
Transmutations | |  0.6
Earth Magic    | |  2.6

Action                   |  1- 3 |  4- 6 || total
-------------------------+-------+-------++-------
Melee: Unarmed           |    61 |    17 ||    78
       Punch             |     1 |     1 ||     2
  Use: Scroll            |       |     4 ||     4
       Potion            |       |     4 ||     4
 Stab: Sleeping          |     1 |       ||     1
  Eat: Chunk             |     4 |       ||     4
       Beef jerky        |     1 |       ||     1
Armor: Robe              |    24 |    10 ||    34
Dodge: Dodged            |    32 |    13 ||    45
